 Dungeon Crawl Stone Soup version 0.27-a0-1196-g3e9cee4cb2 (webtiles) character file.

Game seed: 18385200955702951925

24 Glokmah the Skirmisher (level 2, 0/24 HPs)
             Began as a Demonspawn Fighter on May 29, 2021.
             Slain by Terence
             ... wielding a +0 hand axe
              (5 damage)
             ... on level 1 of the Dungeon.
             The game lasted 00:01:37 (1526 turns).

Glokmah the Skirmisher (Demonspawn Fighter)         Turns: 1526, Time: 00:01:37

Health: 0/24       AC:  8    Str: 16    XL:     2   Next: 79%
Magic:  2/2        EV:  4    Int: 11    God:
Gold:   114        SH:  8    Dex: 12    Spells: 1/1 levels left

rFire    . . .     SeeInvis .   a - +0 war axe
rCold    . . .     Faith    .   c - +0 kite shield
rNeg     . . .     Spirit   .   e - +0 chain mail
rPois    .         Reflect  .   (no helmet)
rElec    .         Harm     .   (no cloak)
rCorr    .         Rampage  .   (no gloves)
Will     .....                  (no boots)
Stlth    ..........             (no amulet)
HPRegen  0.08/turn              (no ring)
MPRegen  0.08/turn              (no ring)

@: mighty
A: big brain 1
a: no special abilities


You were on level 1 of the Dungeon.
You visited 1 branch of the dungeon, and saw 2 of its levels.

You collected 114 gold pieces.

Inventory:

Hand Weapons
 a - a +0 war axe (weapon)
Missiles
 i - 13 poisoned darts (quivered)
Armour
 c - a +0 kite shield (worn)
 e - a +0 chain mail (worn)
Scrolls
 f - a scroll of fear {unknown}
 h - a scroll of identify {unknown}
 j - a scroll of teleportation {unknown}
Potions
 b - a potion of curing {unknown}
 g - 2 potions of degeneration {unknown}


   Skills:
 + Level 3.2 Fighting
 * Level 2.5 Axes
 - Level 2.6 Armour
 + Level 2.9 Shields


You had one spell level left.
You didn't know any spells.
Your spell library was empty.

Dungeon Overview and Level Annotations

Branches:
Dungeon (2/15)

Altars:

Annotations:
D:1 Terence


Innate Abilities, Weirdness & Mutations

You have an unusually large brain. (Int +2)


Message History

The hobgoblin shouts!
The kobold shouts!
You block the ball python's attack. x2
The hobgoblin hits you but does no damage.
Terence hits you but does no damage.
You climb upwards.
There is a stone staircase leading down here.
You hit Terence.
Terence is lightly wounded.
You hit the hobgoblin but do no damage. Terence says, "How do you enjoy it?"
You block Terence's attack. The hobgoblin barely misses you.
You closely miss Terence.
Terence is lightly wounded.
Your chain mail prevents you from hitting the hobgoblin.
Terence barely misses you.
The hobgoblin hits you but does no damage. x2
Terence hits you but does no damage.
You hit Terence but do no damage.
Terence is lightly wounded.
Your chain mail prevents you from hitting the hobgoblin.
You block the hobgoblin's attack. Terence hits you with a +0 hand axe!
You hit Terence.
Terence is moderately wounded.
You closely miss the hobgoblin. You block Terence's attack.
The hobgoblin hits you but does no damage. x2
Terence hits you with a +0 hand axe.
You hit Terence but do no damage.
Terence is moderately wounded.
You barely miss the hobgoblin. You block the hobgoblin's attack.
Terence hits you with a +0 hand axe.
You barely miss Terence.
Terence is moderately wounded.
Your shield and chain mail prevent you from hitting the hobgoblin.
You block Terence's attack.
The hobgoblin hits you but does no damage. x2
Terence hits you with a +0 hand axe.
* * * LOW HITPOINT WARNING * * *
You feel very mighty all of a sudden. Terence hits you with a +0 hand axe.
You die...

##########
##########........#
#Sg@@......######.#
#.#######..# #.##
#.###......# #...
#.##...##.#######..>
#...................
######.............#.....
#..................#.....
#..###..##..........)....
#..#..............###....


You could see Terence, a hobgoblin and a ball python.

Vanquished Creatures
  A worm (D:2)
  2 endoplasms (D:1)
  A goblin (D:1)
  A hobgoblin (D:1)
  6 kobolds (D:1)
  3 ball pythons (D:1)
  3 bats
  A frilled lizard (D:1)
  4 rats (D:1)
22 creatures vanquished.

Vanquished Creatures (others)
  A fungus (D:1)
  3 toadstools (D:1)
4 creatures vanquished.

Grand Total: 26 creatures vanquished

Notes
Turn   | Place    | Note
-------+----------+-------------------------------------------
     0 | D:1      | Glokmah the Demonspawn Fighter began the quest for the Orb.
     0 | D:1      | Reached XP level 1. HP: 18/18 MP: 1/1
   358 | D:1      | Gained mutation: You have an unusually large brain. (Int
                  | +2) [demonic ancestry]
   358 | D:1      | Reached XP level 2. HP: 15/24 MP: 2/2
  1516 | D:2      | Noticed Terence
  1526 | D:1      | Slain by Terence

Illustrated notes

Levels and vault maps discovered:
D:1:      erik_arrival_orb_chamber, layout_loops_ring, minmay_gold_behind_fungi,
          chequers_serial_rivers_marsh
D:2:      kennysheep_the_goblin_king, layout_rooms, basic_altar,
          shapermc_ecumenical_altar_starsandcircs, minmay_circle_x, uniq_terence

Skill      XL: |  1 |
---------------+----+-----
Axes           | 2 |  2.5
Fighting       | |  3.2
Armour         | |  2.6
Shields        | |  2.9

Action                   || total
-------------------------++-------
Melee: War axe           ||    79
  Use: Potion            ||     1
Armor: Chain mail        ||    64
Dodge: Dodged            ||    18
Block: Kite shield       ||    67

Table legend: (Time is in decaauts)
 A = Elapsed time spent in this place.
 B = Non-inter-level travel time spent in this place.
 C = Inter-level travel time spent in this place.
 D = Time resting spent in this place.
 E = Time spent auto-exploring this place.
 F = Levels seen in this place.
 G = Mean time per level.
                   A        B        C        D        E       F      G
               +--------+--------+--------+--------+--------+-----+--------+
         Total |   1581 |   1527 |     54 |    429 |    830 |   2 |  790.5 |
       Dungeon |   1581 |   1527 |     54 |    429 |    830 |   2 |  790.5 |
               +--------+--------+--------+--------+--------+-----+--------+

Top non-repeatable levels by time:
     D:1: 1306 daAuts
     D:2: 275 daAuts
